 Dungeon Sprint DCSS version 0.16-a0-3781-g2316936 (webtiles) character file.

35165 BluebellGnoll the Bringer of Life (level 13, -4/178 HPs)
             Began as a Deep Dwarf Healer on Jan 25, 2015.
             Was the Champion of Elyvilon.
             Killed from afar by an orb of fire (17 damage)
             ... with a bolt of fire
             ... in the Dungeon (Sprint V: "Ziggurat Sprint").
             The game lasted 00:52:03 (1636 turns).

BluebellGnoll the Bringer of Life (DDHe)            Turns: 1636, Time: 00:52:04

Health: -4/178     AC: 36    Str: 18    XL:     13   Next: 46%
Magic:  9/50       EV:  5    Int: 14    God:    Elyvilon [******]
Gold:   0          SH: 32    Dex: 18    Spells: 0 memorised, 12 levels left

rFire  + + .     SeeInvis .     I - +9 broad axe (elec)
rCold  + + .     Rnd*Rage +     H - +9 gold dragon armour
rNeg   + + .     SustAb   .     o - +18 shield of the gong {rElec rN+ MR+ EV-5}
rPois  +         Gourm    .     (no helmet)
rElec  +         Spirit   .     (no cloak)
rCorr  .         Warding  +     (no gloves)
rMut   .         NoTele   +     (no boots)
MR     ++...                    P - brooch of Shielding {Ward rN+ AC+4 EV+4}
Stlth  ..........               M - ring of protection from fire
                                m - +6 ring of dexterity

@: divinely vigorous, non-regenerating, very resistant to hostile enchantments,
extremely unstealthy
A: damage resistance, recharge devices, berserk 1, blurry vision 2, clumsy 1,
cold resistance 1, sense surroundings 2, slow healing 3
a: Device Recharging, Lesser Healing, Lesser Self-Healing, Divine Protection,
Purification, Greater Healing, Greater Self-Healing, Divine Vigour, Renounce
Religion


You were in the Dungeon.
You worshipped Elyvilon.
Elyvilon was exalted by your worship.
You were near starving.

You visited 1 branch

Inventory:

Hand weapons
 I - a +9 broad axe of electrocution (weapon)
Armour
 o - the +18 shield of the gong (worn) {rElec rN+ MR+ EV-5}
   (You found it in the Dungeon)

   It affects your evasion (-5).
   It insulates you from electricity.
   It protects you from negative energy.
   It affects your resistance to hostile enchantments.
 H - a +9 gold dragon armour (worn)
Rods
 a - a +4 rod of ignition (12/12)
   (You found it in the Dungeon)
Jewellery
 m - a +6 ring of dexterity (left hand)
 J - the ring of Maw Ofis {Fire MR- Str+5 SInv}
   (You found it in the Dungeon)

   [ring of fire]

   It enhances your fire magic, and weakens your ice magic.
   It affects your strength (+5).
   It protects you from fire.
   It makes you vulnerable to cold.
   It affects your resistance to hostile enchantments.
   It enhances your eyesight.
 L - the ring of the Seven Curses {Ice rN+ MP+9 Str-2 Int+4}
   (You found it in the Dungeon)

   [ring of ice]

   It enhances your ice magic, and weakens your fire magic.
   It affects your strength (-2).
   It affects your intelligence (+4).
   It makes you vulnerable to fire.
   It protects you from cold.
   It protects you from negative energy.
   It affects your magic capacity (+9).
 M - a ring of protection from fire (right hand)
 N - the ring of Xom's Ringing Laughter {rElec MP+9 Str+2 Dex+4}
   (You found it in the Dungeon)

   [ring of magical power]

   It affects your strength (+2).
   It affects your dexterity (+4).
   It insulates you from electricity.
   It affects your magic capacity (+9).
 P - the brooch of Shielding (around neck) {Ward rN+ AC+4 EV+4}
   (You found it in the Dungeon)

   [amulet of warding]

   It may prevent the melee attacks of summoned creatures.
   It affects your AC (+4).
   It affects your evasion (+4).
   It protects you from negative energy.
 U - an uncursed ring of sustain abilities
 W - a +6 ring of strength
Magical devices
 d - a wand of heal wounds (0)
 j - a wand of disintegration (7)
 k - a wand of fire (8)
 l - a wand of cold (9)
Scrolls
 i - 4 scrolls of blinking
 v - 9 scrolls of fog
 w - a scroll of holy word
 x - 3 scrolls of identify
 y - 4 scrolls of remove curse
 z - 2 scrolls of fear
Potions
 b - 11 potions of curing
 c - 8 potions of heal wounds
 e - 4 potions of haste
 g - 8 potions of magic
 h - 2 potions of berserk rage
 A - 3 potions of brilliance
 B - 2 potions of invisibility
 C - 3 potions of restore abilities
 D - 4 potions of resistance
 F - 3 potions of agility
 G - 4 potions of might
 Y - a potion of flight
Miscellaneous
 p - a stone of tremors (inert)
 t - a legendary deck of war {drawn: 1}
 K - a plain deck of defence
 O - a sack of spiders
 R - a stone of tremors (inert)
 S - a sack of spiders {used: 2}
 V - a box of beasts
Comestibles
 f - 6 bread rations
 q - 19 chunks of flesh
 r - 30 fruits
 s - a meat ration


   Skills:
 + Level 10.3 Fighting
 + Level 12.8 Axes
 - Level 20.5 Armour
 - Level 2.1 Dodging
 - Level 13.9 Shields
 - Level 24.9 Invocations
 - Level 11.7 Evocations


You had 12 spell levels left.
You didn't know any spells.

Dungeon Overview and Level Annotations

Branches:
Dungeon (1/1)

Altars:
Ashenzari
Cheibriados
Dithmenos
Elyvilon
Fedhas
Gozag
Kikubaaqudgha
Makhleb
Nemelex Xobeh
Okawaru
Qazlal
Ru
Sif Muna
Trog
Vehumet
Xom
Yredelemnul
Zin
The Shining One
Beogh
Jiyva
Lugonu


Innate Abilities, Weirdness & Mutations

You are resistant to damage.
You can recharge devices by infusing magical energy.
You passively map the area around you.
You do not heal naturally.
You tend to lose your temper in combat.
Scrolls take you longer to read.
You are clumsy. (Dex -2)
Your flesh is cold resistant.


Message History

You open the lid... ...but nothing happens.
The orb of fire glows red.
The bolt of fire hits you! You resist.
* * * LOW HITPOINT WARNING * * *
BluebellGnoll's illusion says, "Don't worry.
I'm here with you."
BluebellGnoll's illusion hits the orb of fire.
Unknown command.
Unknown command.
Evoke which item? (* to show all) (? for menu, Esc to quit)
You open the lid... ...but nothing happens.
BluebellGnoll's illusion hits the orb of fire but does no damage.
Evoke which item? (* to show all) (? for menu, Esc to quit)
You reach into the bag... ...and things crawl out!
The orb of fire glows red.
The bolt of fire hits you! You resist.
* * * LOW HITPOINT WARNING * * *
The bolt of fire hits your trapdoor spider.
The orb of fire glows yellow.
The bolt of fire hits you! You resist.
You die...

, ......... ,▓M.▓....... , ,,
.†......... ▓.▓▓▓.....▓ *
,.............▓.M▓....... , ,
..............▓.M........ *
,,*...............▓..........
,, ...▓......)▓...▓▓▓▓▓▓▓▓▓▓▓
, *....E..........▓Dk...8©8..
▓.....).@*†.s...▓D})|"[!..) *
▓......^.*@s....▓D.)[?)[))} ,
, ▓▓▓▓▓▓▓▓▓▓▓▓▓▓▓▓▓D.........
* © , ▓i......... , , ,, ,
▓.......... ,, , * ,, ,
,▓.......... , ,, ,
▓.......... , , ,, ,
▓..▓....... , , , ,
▓.▓▓▓.....▓ , , , ▓..▓i......


You could see an orb of fire, a friendly orb of fire, a friendly earth
elemental, a friendly trapdoor spider, a friendly redback and the friendly
BluebellGnoll's illusion.

Vanquished Creatures
  Roxanne (D)
  A fire dragon (D)
  2 hell hogs (D)
  A necromancer (D)
  A yaktaur (D)
  A fire drake (D)
  2 fire vortices (D)
  An ushabti (D)
  9 air elementals (D)
  A fire elemental (D)
  A steam dragon (D)
  3 insubstantial wisps (D)
  2 swamp drakes (D)
  A centaur (D)
  A crocodile (D)
  A crimson imp (D)
  An orc priest (D)
  An orc wizard (D)
  A necrophage skeleton (D)
  2 adder zombies (D)
  An adder skeleton (D)
  An orc (D)
  A bat skeleton (D)
  A bat zombie (D)
  A quokka (D)
  A ball python zombie (D)
  A giant cockroach zombie (D)
41 creatures vanquished.

Vanquished Creatures (others)
  A greater mummy (D)
  2 storm dragons (D)
  2 fire giants (D)
  Maud (D)
  Louise (D)
  A balrug (D)
  3 stone giants (D)
  3 yaktaur captains (D)
  A spriggan air mage (D)
  A centaur warrior (D)
  An ice devil (D)
  A soul eater (D)
  2 hell hogs (D)
  A black mamba (D)
  4 cyclopes (D)
  A rust devil (D)
  An orange demon (D)
  Joseph (D)
  A spiny frog (D)
  An efreet (D)
  3 yaktaurs (D)
  A hellion (D)
  A smoke demon (D)
  2 wind drakes (D)
  A fire drake (D)
  A merfolk (D)
  A two-headed ogre (shapeshifter) (D)
  4 trapdoor spiders (D)
  3 air elementals (D)
  2 fire elementals (D)
  2 neqoxecs (D)
  3 insubstantial wisps (D)
  A hippogriff (D)
  2 hell hounds (D)
  A spider (D)
  A necrophage (D)
  5 centaurs (D)
  Sigmund (D)
  Duvessa (D)
  A giant frog (D)
  Blork the orc (D)
  Dowan (D)
  Crazy Yiuf (D)
  Ijyb (D)
  3 mummies (D)
  A shadow imp (D)
  An ufetubus (D)
  An adder zombie (D)
  2 adder skeletons (D)
  3 bat skeletons (D)
  A giant gecko skeleton (D)
  A jackal skeleton (D)
  A quokka simulacrum (D)
85 creatures vanquished.

Grand Total: 126 creatures vanquished

Notes
Turn   | Place    | Note
--------------------------------------------------------------
     0 | D        | BluebellGnoll, the Deep Dwarf Healer, began the quest for the Orb.
     0 | D        | Reached XP level 1. HP: 16/16 MP: 2/2
     0 | D        | Found a viscous altar of Jiyva.
     0 | D        | Found a corrupted altar of Lugonu.
     0 | D        | Found a white marble altar of Elyvilon.
     2 | D        | Found a sparkling altar of Nemelex Xobeh.
     2 | D        | Found a burning altar of Makhleb.
     3 | D        | Found a deep blue altar of Sif Muna.
     3 | D        | Found a bloodstained altar of Trog.
     6 | D        | Found an iron altar of Okawaru.
    17 | D        | Found a radiant altar of Vehumet.
    18 | D        | Acquired Elyvilon's third power
    32 | D        | Found a basalt altar of Yredelemnul.
    33 | D        | Found a shimmering altar of Xom.
    62 | D        | Reached skill level 8 in Armour
    62 | D        | Reached XP level 2. HP: 24/24 MP: 4/4
    67 | D        | Entered arena 1.
    68 | D        | Reached skill level 1 in Fighting
    91 | D        | Entered arena 2.
    91 | D        | Noticed an orc wizard
    91 | D        | Noticed an orc priest
    96 | D        | Killed an orc wizard
    96 | D        | Reached XP level 3. HP: 29/33 MP: 1/5
    97 | D        | Killed an orc priest
    97 | D        | Reached XP level 4. HP: 36/43 MP: 1/7
   151 | D        | Entered arena 3.
   151 | D        | Noticed a fire drake
   151 | D        | Noticed a swamp drake
   151 | D        | Noticed a swamp drake
   151 | D        | Noticed a steam dragon
   160 | D        | Killed a fire drake
   160 | D        | Reached skill level 12 in Invocations
   160 | D        | Reached XP level 5. HP: 21/49 MP: 1/18
   160 | D        | Reached XP level 6. HP: 24/56 MP: 1/20
   160 | D        | Killed a steam dragon
   160 | D        | Reached skill level 14 in Invocations
   178 | D        | Killed a swamp drake
   178 | D        | Reached skill level 15 in Invocations
   190 | D        | Killed a swamp drake
   190 | D        | Reached XP level 7. HP: 16/62 MP: 8/24
   270 | D        | Entered arena 4.
   270 | D        | Noticed a merfolk
   270 | D        | Noticed a merfolk
   270 | D        | Noticed a merfolk
   270 | D        | Noticed a merfolk
   271 | D        | Pacified a merfolk
   271 | D        | Acquired Elyvilon's fourth power
   272 | D        | Pacified a merfolk
   273 | D        | Pacified a merfolk
   273 | D        | Reached skill level 5 in Fighting
   275 | D        | Killed a merfolk
   288 | D        | Got the ring "Nulygric" {AC+5 Str+3 Dex-4}
   314 | D        | Entered arena 5.
   314 | D        | Noticed a hell hound
   314 | D        | Noticed a hell hound
   314 | D        | Noticed a hell hound
   315 | D        | Pacified a hell hound
   317 | D        | Pacified a hell hound
   317 | D        | Reached XP level 8. HP: 70/99 MP: 30/33
   318 | D        | Pacified a hell hound
   350 | D        | Entered arena 6.
   350 | D        | Noticed a hippogriff
   350 | D        | Noticed a cyclops
   350 | D        | Noticed a centaur
   350 | D        | Noticed a hippogriff
   350 | D        | Noticed a centaur
   350 | D        | Noticed a merfolk
   351 | D        | Pacified a merfolk
   353 | D        | Pacified a cyclops
   354 | D        | Pacified a hippogriff
   354 | D        | Killed a hippogriff
   355 | D        | Pacified a centaur
   357 | D        | Killed a centaur
   377 | D        | Entered arena 7.
   377 | D        | Noticed a centaur warrior
   377 | D        | Noticed a cyclops
   377 | D        | Noticed a centaur
   377 | D        | Noticed a centaur warrior
   377 | D        | Noticed a yaktaur
   377 | D        | Noticed a cyclops
   378 | D        | Pacified a cyclops
   378 | D        | Reached skill level 16 in Invocations
   380 | D        | Pacified a centaur warrior
   380 | D        | Reached skill level 17 in Invocations
   380 | D        | Gained mutation: You passively map the area around you. [level up]
   380 | D        | Reached XP level 9. HP: 77/109 MP: 25/36
   380 | D        | Killed a cyclops
   381 | D        | Pacified a centaur warrior
   381 | D        | Reached skill level 18 in Invocations
   383 | D        | Pacified a yaktaur
   383 | D        | Reached skill level 19 in Invocations
   384 | D        | Pacified a centaur
   389 | D        | Pacified a cyclops
   407 | D        | Got the ring of the Seven Curses {Ice rN+ MP+9 Str-2 Int+4}
   415 | D        | Got the ring of Xom's Ringing Laughter {rElec MP+9 Str+2 Dex+4}
   449 | D        | Entered arena 8.
   449 | D        | Noticed a green ugly thing
   449 | D        | Noticed a neqoxec
   449 | D        | Noticed a fire drake
   449 | D        | Noticed a purple ugly thing
   449 | D        | Noticed a neqoxec
   449 | D        | Noticed a white ugly thing
   449 | D        | Noticed a neqoxec
   450 | D        | Pacified a neqoxec
   451 | D        | Killed a neqoxec
   452 | D        | Pacified a neqoxec
   453 | D        | Pacified a purple ugly thing
   453 | D        | Reached skill level 20 in Invocations
   454 | D        | Pacified a fire drake
   455 | D        | Pacified a green ugly thing
   460 | D        | Pacified a neqoxec
   464 | D        | Pacified a white ugly thing
   464 | D        | Reached skill level 21 in Invocations
   484 | D        | a fire drake changed into a deep dwarf
   526 | D        | Entered arena 9.
   526 | D        | Noticed a centaur
   526 | D        | Noticed a merfolk
   526 | D        | Noticed a merfolk
   526 | D        | Noticed a centaur
   526 | D        | Noticed a cyclops
   526 | D        | Noticed a hippogriff
   526 | D        | Noticed a merfolk
   527 | D        | Pacified a cyclops
   528 | D        | Pacified a merfolk
   528 | D        | Reached skill level 10 in Shields
   530 | D        | Pacified a merfolk
   530 | D        | Reached XP level 10. HP: 81/88 MP: 19/31
   531 | D        | Pacified a hippogriff
   534 | D        | Pacified a merfolk
   536 | D        | Pacified a centaur
   537 | D        | Pacified a centaur
   632 | D        | Entered arena 10.
   632 | D        | Noticed an air elemental
   632 | D        | Noticed an air elemental
   632 | D        | Noticed an insubstantial wisp
   632 | D        | Noticed an air elemental
   632 | D        | Noticed an air elemental
   632 | D        | Noticed an air elemental
   632 | D        | Noticed an air elemental
   632 | D        | Noticed an air elemental
   632 | D        | Noticed an air elemental
   638 | D        | Killed an air elemental
   639 | D        | Killed an air elemental
   640 | D        | Killed an air elemental
   640 | D        | Killed an air elemental
   642 | D        | Killed an air elemental
   643 | D        | Killed an air elemental
   643 | D        | Killed an air elemental
   644 | D        | Killed an air elemental
   649 | D        | Killed an insubstantial wisp
   669 | D        | Entered arena 11.
   669 | D        | Noticed a faun
   669 | D        | Noticed a sea snake
   669 | D        | Noticed a black bear
   669 | D        | Noticed a neqoxec
   669 | D        | Noticed a shock serpent
   669 | D        | Noticed a snapping turtle
   669 | D        | Noticed a green ugly thing
   669 | D        | Noticed a moth of wrath
   670 | D        | Pacified a shock serpent
   670 | D        | Noticed a ghost crab
   670 | D        | a faun changed into a ghost crab
   671 | D        | Noticed a salamander
   671 | D        | Pacified a neqoxec
   672 | D        | Pacified a green ugly thing
   672 | D        | a ghost crab changed into a boulder beetle
   672 | D        | Noticed a mana viper
   672 | D        | a shock serpent changed into a mana viper
   673 | D        | Noticed a draconian
   673 | D        | a mana viper changed into a draconian
   673 | D        | Noticed a guardian serpent
   673 | D        | a moth of wrath changed into a guardian serpent
   674 | D        | Pacified a snapping turtle
   675 | D        | Pacified a guardian serpent
   675 | D        | Reached skill level 22 in Invocations
   675 | D        | a sea snake changed into a slime creature
   676 | D        | a guardian serpent changed into a yak
   679 | D        | Pacified a black bear
   680 | D        | Pacified a salamander
   680 | D        | Noticed a fire dragon
   680 | D        | a slime creature changed into a fire dragon
   680 | D        | Noticed a moth of wrath
   680 | D        | a snapping turtle changed into a moth of wrath
   681 | D        | Pacified a fire dragon
   681 | D        | Noticed an octopode
   681 | D        | a tarantella changed into an octopode
   682 | D        | Noticed a mana viper
   682 | D        | an octopode changed into a mana viper
   682 | D        | a draconian changed into a komodo dragon
   683 | D        | Pacified a mana viper
   683 | D        | Reached skill level 23 in Invocations
   684 | D        | Noticed a giant orange brain
   684 | D        | a mana viper changed into a giant orange brain
   684 | D        | Noticed a hornet
   684 | D        | a komodo dragon changed into a hornet
   684 | D        | Killed a neqoxec
   685 | D        | a moth of wrath changed into an elf
   689 | D        | Was placed under penance by Elyvilon
   689 | D        | Noticed a sea snake
   689 | D        | a giant orange brain changed into a sea snake
   689 | D        | Noticed a black mamba
   689 | D        | a black bear changed into a black mamba
   689 | D        | Noticed a black mamba
   690 | D        | Noticed an anaconda
   690 | D        | a fire dragon changed into an anaconda
   690 | D        | a black mamba changed into a fire drake
   691 | D        | Noticed a swamp dragon
   691 | D        | an elf changed into a swamp dragon
   692 | D        | Noticed a harpy
   692 | D        | a hornet changed into a harpy
   692 | D        | a swamp dragon changed into a trapdoor spider
   695 | D        | Noticed an alligator
   695 | D        | an anaconda changed into an alligator
   695 | D        | a harpy changed into a blink frog
   697 | D        | Noticed a faun
   697 | D        | a sea snake changed into a faun
   697 | D        | Noticed a hill giant
   697 | D        | an alligator changed into a hill giant
   701 | D        | Noticed a cyclops
   701 | D        | a faun changed into a cyclops
   701 | D        | Noticed an ettin
   701 | D        | a hill giant changed into an ettin
   701 | D        | Noticed a ghost crab
   701 | D        | a salamander changed into a ghost crab
   702 | D        | a cyclops changed into an eye of devastation
   707 | D        | an ettin changed into a slime creature
   707 | D        | Noticed a hornet
   707 | D        | a jumping spider changed into a hornet
   708 | D        | Noticed a faun
   708 | D        | a slime creature changed into a faun
   711 | D        | Got the ring of the Raven {rPois- Str+6 SInv}
   711 | D        | Noticed a fire crab
   711 | D        | a hornet changed into a fire crab
   715 | D        | Noticed a moth of wrath
   715 | D        | a faun changed into a moth of wrath
   716 | D        | Noticed a giant orange brain
   716 | D        | a moth of wrath changed into a giant orange brain
   717 | D        | Noticed a swamp dragon
   717 | D        | a giant orange brain changed into a swamp dragon
   719 | D        | a fire crab changed into a queen bee
   720 | D        | Noticed a fire crab
   720 | D        | a swamp dragon changed into a fire crab
   721 | D        | a fire crab changed into a yaktaur
   724 | D        | Noticed a manticore
   724 | D        | a trapdoor spider changed into a manticore
   725 | D        | Noticed a swamp dragon
   725 | D        | a boulder beetle changed into a swamp dragon
   726 | D        | Entered arena 12.
   726 | D        | Noticed a shadow
   726 | D        | Noticed a necromancer
   726 | D        | Noticed a necromancer
   726 | D        | Noticed a necromancer
   726 | D        | Noticed a necrophage
   727 | D        | Pacified a necrophage
   727 | D        | Was forgiven by Elyvilon
   729 | D        | Pacified a necromancer
   730 | D        | Killed a necrophage
   731 | D        | Noticed a shadow
   731 | D        | Pacified a necromancer
   732 | D        | Pacified a shadow
   732 | D        | Reached XP level 11. HP: 85/96 MP: 19/32
   739 | D        | Pacified a shadow
   756 | D        | Killed a necromancer
   769 | D        | Entered arena 13.
   769 | D        | Noticed a spiny frog
   769 | D        | Noticed a spiny frog
   769 | D        | Noticed a death yak
   770 | D        | Noticed a four-headed hydra
   770 | D        | Noticed a komodo dragon
   770 | D        | Noticed a spiny frog
   770 | D        | Noticed a black mamba
   770 | D        | Pacified a black mamba
   770 | D        | Reached skill level 24 in Invocations
   771 | D        | Noticed a crocodile
   771 | D        | Pacified a death yak
   772 | D        | Pacified a spiny frog
   772 | D        | Killed a spiny frog
   773 | D        | Noticed a giant frog
   773 | D        | Pacified a spiny frog
   773 | D        | Killed a black mamba
   774 | D        | Pacified a four-headed hydra
   774 | D        | Killed a giant frog
   775 | D        | Pacified a komodo dragon
   777 | D        | Noticed a blink frog
   778 | D        | Noticed a water moccasin
   782 | D        | Pacified a water moccasin
   784 | D        | Killed a crocodile
   787 | D        | Pacified a blink frog
   801 | D        | Got the ring of Maw Ofis {Fire MR- Str+5 SInv}
   816 | D        | Entered arena 14.
   816 | D        | Noticed a freezing wraith
   816 | D        | Noticed a blizzard demon
   816 | D        | Noticed a tormentor
   817 | D        | Noticed a flying skull
   817 | D        | Noticed an ice dragon
   817 | D        | Pacified a tormentor
   818 | D        | Noticed a freezing wraith
   818 | D        | Pacified a blizzard demon
   819 | D        | Noticed an ice devil
   821 | D        | Noticed an ice beast
   821 | D        | Pacified a freezing wraith
   822 | D        | Pacified an ice dragon
   823 | D        | Pacified a flying skull
   824 | D        | Noticed a freezing wraith
   824 | D        | Killed an ice devil
   827 | D        | Pacified a freezing wraith
   828 | D        | Pacified a freezing wraith
   831 | D        | Pacified an ice beast
   925 | D        | Entered arena 15.
   925 | D        | Noticed a tormentor
   925 | D        | Noticed a hellion
   926 | D        | Noticed a necrophage
   926 | D        | Noticed a phantom
   926 | D        | Noticed a hell hog
   926 | D        | Noticed a phantom
   926 | D        | Pacified a tormentor
   927 | D        | Pacified a hellion
   928 | D        | Noticed a phantom
   928 | D        | Pacified a phantom
   929 | D        | Noticed a red devil
   929 | D        | Noticed a red devil
   929 | D        | Pacified a hell hog
   930 | D        | Noticed a tormentor
   933 | D        | Pacified a tormentor
   934 | D        | Pacified a phantom
   936 | D        | Pacified a necrophage
   936 | D        | Reached skill level 10 in Axes
   937 | D        | Pacified a phantom
   937 | D        | Killed a hell hog
   938 | D        | Killed a hellion
   940 | D        | Pacified a red devil
   941 | D        | Pacified a red devil
   972 | D        | Identified a cursed +2 rod of ignition (11/11) (You found it in the Dungeon)
  1022 | D        | Entered arena 16.
  1029 | D        | Noticed Joseph
  1029 | D        | Noticed Roxanne
  1031 | D        | Noticed Blork the orc
  1031 | D        | Noticed Dowan
  1031 | D        | Noticed Ijyb
  1031 | D        | Noticed Polyphemus
  1031 | D        | Noticed Louise
  1031 | D        | Noticed Aizul
  1031 | D        | Noticed Frances
  1031 | D        | Noticed Maud
  1031 | D        | Noticed Duvessa
  1031 | D        | Noticed Crazy Yiuf
  1031 | D        | Pacified Joseph
  1032 | D        | Noticed Psyche
  1032 | D        | Noticed a soul eater
  1032 | D        | Pacified Blork the orc
  1033 | D        | Noticed Sigmund
  1033 | D        | Pacified Maud
  1033 | D        | Killed Dowan
  1034 | D        | Pacified Ijyb
  1035 | D        | Killed Ijyb
  1036 | D        | Killed Crazy Yiuf
  1036 | D        | Killed Joseph
  1037 | D        | Pacified Aizul
  1037 | D        | Reached skill level 10 in Armour
  1037 | D        | Killed Duvessa
  1038 | D        | Killed Blork the orc
  1038 | D        | Killed Maud
  1039 | D        | Pacified Polyphemus
  1040 | D        | Pacified Psyche
  1041 | D        | Killed a soul eater
  1045 | D        | Pacified Sigmund
  1046 | D        | Pacified Frances
  1060 | D        | Killed Louise
  1066 | D        | Killed Sigmund
  1086 | D        | Killed Roxanne
  1086 | D        | Reached XP level 12. HP: 49/159 MP: 35/49
  1088 | D        | Identified Roxanne's Almanac of the Rocks (You took it off Roxanne in the Dungeon)
  1090 | D        | Got the amulet "Shreryokli" {Spirit rElec rC+ MP+9 Str+4}
  1151 | D        | Got the ring "Ghetuil" {rElec rN+ Int+7 Dex-4}
  1154 | D        | Entered arena 17.
  1161 | D        | Noticed an ushabti
  1161 | D        | Noticed a guardian mummy
  1162 | D        | Noticed a flying skull
  1164 | D        | Noticed a guardian mummy
  1165 | D        | Pacified a flying skull
  1168 | D        | Pacified a guardian mummy
  1170 | D        | Pacified a guardian mummy
  1172 | D        | Noticed an anubis guard
  1173 | D        | Pacified an anubis guard
  1176 | D        | Noticed a greater mummy
  1190 | D        | Pacified a greater mummy
  1198 | D        | Killed an ushabti
  1199 | D        | Killed a greater mummy
  1200 | D        | Noticed an emperor scorpion
  1305 | D        | Entered arena 18.
  1312 | D        | Noticed a storm dragon
  1312 | D        | Noticed a spriggan air mage
  1312 | D        | Noticed an insubstantial wisp
  1312 | D        | Noticed an air elemental
  1313 | D        | Noticed a storm dragon
  1313 | D        | Noticed a storm dragon
  1314 | D        | Noticed an insubstantial wisp
  1314 | D        | Noticed a wind drake
  1315 | D        | Pacified a storm dragon
  1319 | D        | Pacified a storm dragon
  1319 | D        | Reached skill level 15 in Armour
  1320 | D        | Killed a spriggan air mage
  1323 | D        | Noticed a wind drake
  1323 | D        | Noticed a spriggan air mage
  1323 | D        | Pacified a spriggan air mage
  1323 | D        | Killed an insubstantial wisp
  1324 | D        | Noticed an insubstantial wisp
  1324 | D        | Noticed a storm dragon
  1324 | D        | Noticed a storm dragon
  1324 | D        | Noticed an insubstantial wisp
  1324 | D        | Noticed an air elemental
  1324 | D        | Pacified a wind drake
  1325 | D        | Noticed an air elemental
  1326 | D        | Noticed an air elemental
  1326 | D        | Pacified a storm dragon
  1326 | D        | Killed an air elemental
  1327 | D        | Killed an air elemental
  1328 | D        | Noticed a storm dragon
  1330 | D        | Noticed a spriggan air mage
  1331 | D        | Pacified a spriggan air mage
  1331 | D        | Killed an insubstantial wisp
  1332 | D        | Killed an air elemental
  1332 | D        | Killed a storm dragon
  1332 | D        | Killed a storm dragon
  1333 | D        | Pacified a wind drake
  1334 | D        | Pacified a storm dragon
  1334 | D        | Killed a wind drake
  1335 | D        | Pacified a storm dragon
  1336 | D        | Killed an insubstantial wisp
  1337 | D        | Pacified a storm dragon
  1342 | D        | Killed an insubstantial wisp
  1348 | D        | Killed an air elemental
  1350 | D        | Killed an insubstantial wisp
  1440 | D        | Entered arena 19.
  1449 | D        | Noticed a yaktaur captain
  1449 | D        | Noticed a cyclops
  1449 | D        | Noticed a yaktaur
  1450 | D        | Noticed a yaktaur
  1450 | D        | Noticed a centaur warrior
  1450 | D        | Pacified a cyclops
  1450 | D        | Identified the +10 hand axe of Midnight {venom, Int+4}
  1450 | D        | Killed a cyclops
  1451 | D        | Noticed a centaur
  1452 | D        | Noticed a yaktaur captain
  1452 | D        | Noticed a yaktaur
  1452 | D        | Pacified a yaktaur captain
  1452 | D        | Killed a centaur
  1453 | D        | Noticed a stone giant
  1453 | D        | Noticed a cyclops
  1454 | D        | Noticed a centaur
  1454 | D        | Pacified a centaur warrior
  1455 | D        | Noticed a yaktaur captain
  1455 | D        | Noticed a stone giant
  1455 | D        | Pacified a cyclops
  1456 | D        | Noticed a deep elf master archer
  1456 | D        | Noticed a centaur
  1456 | D        | Noticed a stone giant
  1456 | D        | Killed a yaktaur
  1456 | D        | Killed a cyclops
  1458 | D        | Noticed a yaktaur
  1458 | D        | Noticed a centaur
  1458 | D        | Noticed a cyclops
  1459 | D        | Noticed a centaur
  1459 | D        | Identified the +7 hand axe "Crimein" {venom, -Cast rElec rC+ rN+ Str-2 Int-5 Dex+4 Stlth+}
  1459 | D        | Killed a yaktaur captain
  1460 | D        | Noticed a yaktaur captain
  1460 | D        | Noticed a deep elf master archer
  1460 | D        | Killed a yaktaur
  1461 | D        | Killed a centaur warrior
  1463 | D        | Pacified a stone giant
  1466 | D        | Pacified a stone giant
  1468 | D        | Killed a stone giant
  1468 | D        | Killed a centaur
  1468 | D        | Elyvilon protects you from harm!
  1471 | D        | Killed a stone giant
  1472 | D        | Pacified a cyclops
  1472 | D        | Reached XP level 13. HP: 21/175 MP: 29/51
  1472 | D        | HP: 8/175 [stone giant (13)]
  1472 | D        | Killed a cyclops
  1472 | D        | HP: 3/175 [deep elf master archer/arrow (5)]
  1474 | D        | Pacified a stone giant
  1476 | D        | Killed a yaktaur captain
  1477 | D        | Killed a yaktaur
  1478 | D        | Pacified a yaktaur captain
  1478 | D        | Killed a stone giant
  1479 | D        | Pacified a centaur
  1480 | D        | HP: 8/175 [deep elf master archer/arrow of frost (15)]
  1481 | D        | Killed a centaur
  1481 | D        | Killed a yaktaur captain
  1482 | D        | Killed a centaur
  1483 | D        | Elyvilon protects you from harm!
  1484 | D        | Elyvilon protects you from harm!
  1486 | D        | Pacified a deep elf master archer
  1486 | D        | HP: 4/175 [deep elf master archer/arrow (25)]
  1488 | D        | Pacified a yaktaur captain
  1489 | D        | Pacified a deep elf master archer
  1490 | D        | Killed a centaur
  1495 | D        | Killed a yaktaur
  1571 | D        | Entered arena 20.
  1571 | D        | Noticed a fire vortex
  1571 | D        | Noticed a hell hound
  1571 | D        | Noticed a hell hound
  1571 | D        | Noticed a fire vortex
  1571 | D        | Noticed a hell hound
  1572 | D        | Pacified a hell hound
  1573 | D        | Pacified a hell hound
  1574 | D        | Pacified a hell hound
  1576 | D        | Noticed a fire giant
  1577 | D        | Noticed a fire elemental
  1577 | D        | Noticed a balrug
  1577 | D        | Noticed a hell hog
  1577 | D        | Noticed a fire dragon
  1577 | D        | Noticed a balrug
  1577 | D        | Killed a fire vortex
  1578 | D        | Noticed a fire elemental
  1578 | D        | Noticed a fire drake
  1579 | D        | Noticed an efreet
  1579 | D        | Noticed a fire elemental
  1579 | D        | Noticed an orb of fire
  1580 | D        | Noticed a fire dragon
  1580 | D        | Pacified a balrug
  1580 | D        | Killed a hell hound
  1581 | D        | Noticed an efreet
  1581 | D        | Noticed a balrug
  1582 | D        | Noticed a hell hog
  1582 | D        | Killed a hell hound
  1583 | D        | Noticed a balrug
  1584 | D        | Noticed a hell hog
  1584 | D        | Noticed a fire giant
  1584 | D        | Pacified a balrug
  1586 | D        | Noticed a fire giant
  1586 | D        | Noticed an efreet
  1587 | D        | Pacified a balrug
  1588 | D        | Gained mutation: Scrolls take you a little longer to read. [an orb of fire]
  1589 | D        | Killed a fire drake
  1591 | D        | Killed an efreet
  1592 | D        | Pacified a balrug
  1593 | D        | Pacified a fire giant
  1593 | D        | Killed a fire elemental
  1594 | D        | Pacified an efreet
  1594 | D        | Killed a fire elemental
  1596 | D        | Killed a fire giant
  1597 | D        | Gained mutation: You are clumsy. (Dex -2) [an orb of fire]
  1600 | D        | Killed a balrug
  1603 | D        | Killed a fire dragon
  1603 | D        | Killed a fire elemental
  1604 | D        | Killed a hell hog
  1604 | D        | Killed a fire giant
  1605 | D        | Pacified a fire dragon
  1608 | D        | Pacified a fire giant
  1608 | D        | Reached skill level 10 in Fighting
  1609 | D        | Pacified an efreet
  1609 | D        | Gained mutation: Your flesh is cold resistant. [an orb of fire]
  1610 | D        | Killed a hell hog
  1616 | D        | Killed a hell hog
  1624 | D        | Killed a fire vortex
  1625 | D        | Gained mutation: You tend to lose your temper in combat. [an orb of fire]
  1627 | D        | Gained mutation: Scrolls take you longer to read. [an orb of fire]
  1629 | D        | HP: 7/178 [orb of fire/fireball (19)]
  1630 | D        | Elyvilon protects you from harm!
  1635 | D        | Killed a wind drake
  1636 | D        | Killed from afar by an orb of fire

Action                   |  1- 3 |  4- 6 |  7- 9 | 10-12 | 13-15 || total
-------------------------+-------+-------+-------+-------+-------++-------
Melee: Broad axe         |     3 |    20 |     4 |    66 |    20 ||   113
Throw: Throwing net      |       |       |     1 |     2 |       ||     3
Invok: Lesser Healing    |     5 |     2 |     8 |    46 |     1 ||    62
       Greater Healing   |       |     2 |    29 |    69 |    24 ||   124
       Divine Vigour     |       |       |     1 |     2 |     1 ||     4
       Lesser Self-Heali |       |       |     2 |     5 |       ||     7
       Greater Self-Heal |       |       |       |     5 |     7 ||    12
       Divine Protection |       |       |       |     1 |     1 ||     2
Evoke: Wand              |       |       |     3 |     6 |     8 ||    17
       Rod               |       |       |       |     3 |       ||     3
       Phantom mirror    |       |       |       |     1 |     2 ||     3
       Box of beasts     |       |       |       |       |     2 ||     2
       Sack of spiders   |       |       |       |       |     2 ||     2
       Deck              |       |       |       |       |     1 ||     1
       Stone of tremors  |       |       |       |       |     1 ||     1
  Use: Potion            |     1 |     2 |       |     6 |     3 ||    12
       Scroll            |       |       |       |    12 |     4 ||    16
 Stab: Confused          |       |     1 |       |       |       ||     1
       Held in net/web   |       |       |       |     1 |       ||     1
  Eat: Chunk             |       |       |    11 |     7 |     8 ||    26
       Royal jelly       |       |       |     3 |     6 |       ||     9
       Fruit             |       |       |     1 |     6 |     5 ||    12
       Meat ration       |       |       |       |     3 |       ||     3
